 Dungeon Crawl Stone Soup version 0.25.1-2-g60ff931df9 (webtiles) character file.

Game seed: 6611627574205454891

50 ubername the Vexing (level 3, -2/28 HPs)
             Began as a Gnoll Arcane Marksman on Sept 27, 2020.
             Killed from afar by an orc wizard (10 damage)
             ... with a puff of flame
             ... on level 3 of the Dungeon.
             The game lasted 00:03:28 (1000 turns).

ubername the Vexing (Gnoll Arcane Marksman)         Turns: 1000, Time: 00:03:28

Health: -2/28      AC:  2    Str: 12    XL:     3   Next: 79%
Magic:  7/7        EV: 15    Int: 15    God:
Gold:   51         SH:  0    Dex: 16    Spells: 6/7 levels left

rFire    . . .     SeeInvis .   b - +0 club
rCold    . . .     Gourm    .   (no shield)
rNeg     . . .     Faith    .   e - +0 robe
rPois    .         Spirit   .   (no helmet)
rElec    .         Reflect  .   (no cloak)
rCorr    .         Harm     .   (no gloves)
MR       .....                  (no boots)
Stlth    ++........             (no amulet)
HPRegen  0.09/turn              (no ring)
MPRegen  0.10/turn              (no ring)

@: hasted, very quick
A: distributed training, fangs 1, strong nose
a: no special abilities


You were on level 3 of the Dungeon.
You were not hungry.

You visited 1 branch of the dungeon, and saw 3 of its levels.

You collected 51 gold pieces.

Inventory:

Hand Weapons
 a - a +0 hunting sling
 b - a +0 club (weapon)
Missiles
 j - 19 stones (quivered)
Armour
 e - a +0 robe (worn)
 o - a +0 ring mail
Jewellery
 k - an uncursed ring of resist corrosion {unknown}
Scrolls
 m - a scroll of identify {unknown}
Potions
 h - a potion of lignification {unknown}
 i - a potion of curing {unknown}
 l - a potion of magic {unknown}
Comestibles
 d - 5 chunks of flesh
 f - a ration


   Skills:
 + Level 2.6 Fighting
 + Level 0.9 Short Blades
 + Level 0.9 Long Blades
 + Level 0.9 Axes
 + Level 0.9 Maces & Flails
 + Level 0.9 Polearms
 + Level 0.9 Staves
 + Level 4.5 Slings
 + Level 0.9 Bows
 + Level 0.9 Crossbows
 + Level 0.9 Throwing
 + Level 0.9 Armour
 + Level 4.5 Dodging
 + Level 0.9 Stealth
 + Level 0.9 Shields
 + Level 0.9 Unarmed Combat
 + Level 2.8 Spellcasting
 + Level 0.6 Conjurations
 + Level 5.4 Hexes
 + Level 0.6 Charms
 + Level 0.6 Summonings
 + Level 0.6 Necromancy
 + Level 0.6 Translocations
 + Level 0.6 Transmutations
 + Level 0.6 Fire Magic
 + Level 0.6 Ice Magic
 + Level 0.6 Air Magic
 + Level 0.6 Earth Magic
 + Level 0.6 Poison Magic
 + Level 1.0 Invocations
 + Level 0.9 Evocations


You had 6 spell levels left.
You knew the following spells:

 Your Spells              Type           Power        Failure   Level  Hunger
a - Corona                Hex            ###....      2%          1    #......

Your spell library contained the following spells:

 Spells                   Type           Power        Failure   Level  Hunger
 Slow                     Hex            ###.....     3%          2    ##.....
 Inner Flame              Hex/Fire       ##......     17%         3    ###....
 Portal Projectile        Hex/Tloc       ##....       17%         3    ###....
 Cause Fear               Hex            ###.......   22%         4    #####..
 Leda's Liquefaction      Hex/Erth       ##........   50%         4    #####..


Dungeon Overview and Level Annotations

Branches:
Dungeon (2/15)

Altars:


Innate Abilities, Weirdness & Mutations

Your experience applies equally to all skills.
You have very sharp teeth.
Your uncanny sense of smell can sniff out nearby items.


Message History

You hit the orc wizard.
The orc wizard is severely wounded.
The orc wizard mumbles some strange words.
The orc wizard flickers and vanishes!
Deactivating autopickup; reactivate with Ctrl-A.
You barely miss something. Something hits you.
You miss something. Something hits you. x2
You closely miss something. You bite something. Something hits you.
A magic dart appears from out of thin air!
The magic dart hits you.
* * * LOW HITPOINT WARNING * * *
You hear some strange, mumbled words.
Something tries to affect you, but you resist.
As you read the scroll labeled LIOC JYHAKLY, it crumbles to dust.
You feel blessed for a moment.
It was a scroll of remove curse.
It was a potion of haste.
You feel yourself speed up.
You see here a stone.
A puff of flame appears from out of thin air!
The puff of flame hits you!
You die...

#.###....###(#.#
.. ####.###.#.##
#)# . #.$
#.##...÷....#.#
#.# #. ..#
#...>...÷.....#
#.# #.#.#
####.##÷#######
#o# .# #. #.##.##
#.# # #.#.#.##
#(#
##..###.#####{#
#...# ##..@...#
#.#.###.#.#######
#....#.##........
###.#.###########
#.#.# #.#.# ..#.#
#.#.# ∆ .....


There were no monsters in sight!

Vanquished Creatures
  An ooze (D:2)
  3 leopard geckos
  An orc (D:3)
  6 bats (D:1)
  2 giant cockroaches (D:1)
  3 goblins
  5 hobgoblins
  6 jackals
  A frilled lizard (D:1)
  2 kobolds (D:1)
  9 rats
39 creatures vanquished.

Notes
Turn   | Place    | Note
-------+----------+-------------------------------------------
     0 | D:1      | ubername the Gnoll Arcane Marksman began the quest for the
                  | Orb.
     0 | D:1      | Reached XP level 1. HP: 17/17 MP: 4/4
   109 | D:1      | Reached XP level 2. HP: 23/23 MP: 5/5
   475 | D:1      | Reached XP level 3. HP: 28/28 MP: 5/7
   862 | D:2      | Reached skill level 1 in Invocations
   863 | D:2      | You fall into a shaft and drop 1 floor!
  1000 | D:3      | Killed from afar by an orc wizard

Illustrated notes

Levels and vault maps discovered:
D:1:      minmay_arrival_jagged, layout_basic, chequers_serial_rivers_micro_b,
          palyth_stone_intersect, corexii_hall_statues_l
D:2:      layout_basic
D:3:      layout_loops_ring, first_ration, tgw_kikubaaqudgha

Skill      XL: |  1  2  3 |
---------------+----------+-----
Invocations    | 1 |  1.0
Fighting       | |  2.6
Short Blades   | |  0.9
Long Blades    | |  0.9
Axes           | |  0.9
Maces & Flails | |  0.9
Polearms       | |  0.9
Staves         | |  0.9
Slings         | |  4.5
Bows           | |  0.9
Crossbows      | |  0.9
Throwing       | |  0.9
Armour         | |  0.9
Dodging        | |  4.5
Stealth        | |  0.9
Shields        | |  0.9
Unarmed Combat | |  0.9
Spellcasting   | |  2.8
Conjurations   | |  0.6
Hexes          | |  5.4
Charms         | |  0.6
Summonings     | |  0.6
Necromancy     | |  0.6
Translocations | |  0.6
Transmutations | |  0.6
Fire Magic     | |  0.6
Ice Magic      | |  0.6
Air Magic      | |  0.6
Earth Magic    | |  0.6
Poison Magic   | |  0.6
Evocations     | |  0.9

Action                   || total
-------------------------++-------
Melee: Club              ||     9
       Bite              ||     2
 Fire: Hunting sling     ||    94
 Cast: Corona            ||    19
  Use: Scroll            ||     1
       Potion            ||     1
Armor: Robe              ||     3
Dodge: Dodged            ||    26
